 Dungeon Crawl Stone Soup version 0.28.0-47-ge53b351184 (webtiles) character file.

Game seed: 7645703197194199112

60 101zpm the Magician (level 4, -4/31 HPs)
             Began as a Djinni Fire Elementalist on Apr 30, 2022.
             Engulfed by a cloud of flame (8 damage)
             ... on level 3 of the Dungeon.
             The game lasted 00:03:49 (2935 turns).

101zpm the Magician (Djinni Fire Elementalist)      Turns: 2935, Time: 00:03:50

Health: -4/31      AC:  2    Str:  7    XL:     4   Next: 25%
Gold:   109        EV: 12    Int: 18    God:
                   SH:  0    Dex: 14

rFire   + + .      SeeInvis .   (no weapon)
rCold   x . .      Faith    .   (no shield)
rNeg    . . .      Spirit   .   a - +0 robe
rPois   ∞          Reflect  .   (no helmet)
rElec   .          Harm     .   (no cloak)
rCorr   .          Rampage  .   (no gloves)
Will    .....                   (boots unavailable)
Stlth   ++........              (no amulet)
HPRegen 0.10/turn               (no ring)
MPRegen 0.00/turn               (no ring)

@: flying
A: sickness immunity, fire resistance 2, cold vulnerability 1, float, innate
caster, HP casting, extra vitality 1
a: no special abilities


You were on level 3 of the Dungeon.
You visited 1 branch of the dungeon, and saw 3 of its levels.

You collected 109 gold pieces.

Inventory:

Armour
 a - a +0 robe (worn)
 b - a +0 pair of gloves
 m - a +3 chain mail
Wands
 e - a wand of digging (9)
Scrolls
 c - a scroll of teleportation {unknown}
 d - a scroll of summoning {unknown}
 h - 2 scrolls of identify {unknown}
 l - a scroll of vulnerability {unknown}
Potions
 f - a potion of attraction {unknown}
 g - a potion of curing {unknown}
 i - a potion of haste {unknown}
 j - a potion of berserk rage {unknown}
 k - a potion of heal wounds {unknown}


   Skills:
 + Level 2.5 Dodging
 + Level 1.8 Stealth
 + Level 3.5 Spellcasting


You couldn't memorise any spells.
You knew the following spells:

 Your Spells              Type           Power      Damage    Failure   Level
a - Foxfire               Conj/Fire      60%        2x1d7     3%          1
b - Scorch                Fire           30%        2d7       5%          2
c - Conjure Flame         Conj/Fire      15%        6-21      11%         3
d - Inner Flame           Hex/Fire       15%        N/A       11%         3
e - Flame Wave            Conj/Fire      15%        2d6       34%         4
f - Beastly Appendage     Tmut           30%        N/A       3%          1
Your spell library was empty.

Dungeon Overview and Level Annotations

Branches:
Dungeon (3/15)

Altars:

Shops:
D:2 (


Innate Abilities, Weirdness & Mutations

You are immune to sickness and miasma.
You are immune to poison.
Your flesh is very heat resistant. (rF++)
You are vulnerable to cold. (rC-)
You float through the air rather than walking.
You learn spells naturally, not from books.
Your magical power is your life essence.
You have superior vitality. (+4 MHP)


Message History

A goblin comes into view. It is wielding a +1 dagger of venom.
Casting: Foxfire (safe; 3% risk of failure)
Confirm with . or Enter, or press ? or * to list all spells.
The spell is quite dangerous to miscast (11% risk of failure)!
Continue anyway?
Aiming: Inner Flame (quite dangerous; 11% risk of failure)
Press: ? - help, Dir - move target, f - quokka
Aim: a quokka (ally target, chance to affect: 83%)
The quokka is filled with an inner flame.
The foxfire hits the quokka but does no damage.
The foxfire hits the quokka.
Flame seeps out of the quokka.
The quokka is heavily wounded.
The quokka is engulfed in blazing flames.
The quokka explodes!
The fiery explosion engulfs the goblin!!
You kill the goblin!
Casting: Inner Flame (quite dangerous; 11% risk of failure)
Confirm with . or Enter, or press ? or * to list all spells.
The spell is quite dangerous to miscast (11% risk of failure)!
Continue anyway?
Aiming: Inner Flame (quite dangerous; 11% risk of failure)
Press: ? - help, Dir - move target, f - ball python
Aim: a ball python (chance to affect: 83%)
The ball python is filled with an inner flame.
The ball python closely misses you. The ball python grabs you.
You stop ascending the stairs.
The ball python constricts you.
You are too injured to fight recklessly!
Casting: Foxfire (safe; 3% risk of failure)
Press: ? - help, Q - select action, (/) - cycle Dir - look around, f - activate You conjure some foxfire!
The ball python bites you. The ball python constricts you.
Casting: Foxfire (safe; 3% risk of failure)
Press: ? - help, Q - select action, (/) - cycle Dir - look around, f - activate You conjure some foxfire!
The foxfire hits the ball python.
Flame seeps out of the ball python.
The ball python is severely wounded.
The foxfire hits the ball python!
The ball python explodes!
The fiery explosion engulfs you. You resist.
* * * LOW HITPOINT WARNING * * *
You are engulfed in blazing flames.
You resist.
You die...

...# . ...#
. .. ...#
.. ...
...#. ....
....
...?§###§§#
#§.v§○[#
#§☼@§§#
##○v§.†....
...)..##...
#.....§.§#
.
####...)☼#
#..§☼☼.
####o#..
.##.#


You could see an orc (ally target).

Vanquished Creatures
  A hound zombie (D:2)
  An adder skeleton (D:2)
  2 dart slugs (D:2)
  2 orcs (D:3)
  A bat skeleton (D:2)
  2 endoplasms (D:1)
  2 giant cockroaches
  2 hobgoblins
  2 kobolds
  2 quokkas
  5 ball pythons
  3 bats
  3 frilled lizards
  5 goblins
  A quokka zombie (D:2)
  3 rats
37 creatures vanquished.

Vanquished Creatures (others)
  160 foxfires
160 creatures vanquished.

Grand Total: 197 creatures vanquished

Notes
Turn   | Place    | Note
-------+----------+-------------------------------------------
     0 | D:1      | 101zpm the Djinni Fire Elementalist began the quest for the
                  | Orb.
     0 | D:1      | Reached XP level 1. HP: 15/15 MP: 0/0
   687 | D:1      | Reached XP level 2. HP: 14/21 MP: 0/0
   780 | D:1      | Noticed an eye of devastation
   781 | D:1      | You are sucked into a shaft and drop 1 floor!
   781 | D:2      | Found Mioffax's Antique Weapon Emporium.
  1219 | D:2      | Reached skill level 3 in Spellcasting
  1279 | D:2      | Reached XP level 3. HP: 23/25 MP: 0/0
  1279 | D:2      | Learned a level 1 spell: Beastly Appendage
  2455 | D:1      | Found a faded altar of an unknown god.
  2457 | D:1      | Noticed a golden eye
  2525 | D:1      | Noticed a shining eye
  2528 | D:1      | Noticed an eye of devastation
  2656 | D:1      | Reached XP level 4. HP: 30/31 MP: 0/0
  2935 | D:3      | Engulfed by a cloud of flame

Illustrated notes

Levels and vault maps discovered:
D:1:      tarquinn_simple_flora_water_c, layout_basic,
          hellmonk_ecumenical_altar_watching_god, chequers_jeans
D:2:      layout_loops_ring, serial_undead, serial_undead_d, serial_undead_e,
          serial_undead_f, serial_undead_b, serial_shops, shop_coins
D:3:      layout_rooms, mrwooster_statue_mirror, kennysheep_nub, minivault_23

Skill      XL: |  1  2 |
---------------+-------+-----
Spellcasting   | 3 |  3.5
Dodging        | |  2.5
Stealth        | |  1.8

Action                   |  1- 3 |  4- 6 || total
-------------------------+-------+-------++-------
 Cast: Foxfire           |    91 |    17 ||   108
       Scorch            |     5 |       ||     5
       Inner Flame       |       |     5 ||     5
Armor: Robe              |     3 |       ||     3
Dodge: Dodged            |     4 |     1 ||     5
